 Dungeon Crawl Stone Soup version 0.30-a0-1016-gfb0d676c02 (webtiles) character file.

Game seed: 11913902767301031657

8933 ytrimaz the Martial Artist (level 10, -11/70 HPs)
             Began as a Demigod Transmuter on Apr 6, 2023.
             Mangled by a two-headed ogre
             ... wielding a +0 giant spiked club
              (37 damage)
             ... on level 11 of the Dungeon.
             The game lasted 00:13:07 (10950 turns).

ytrimaz the Martial Artist (Demigod Transmuter)    Turns: 10950, Time: 00:13:08

Health: -11/70     AC:  2    Str: 11    XL:     10   Next: 95%
Magic:  19/21      EV: 38    Int: 27    God:
Gold:   517        SH:  0    Dex: 19    Spells: 7/19 levels left

rFire   . . .      SeeInvis .      - Unarmed
rCold   . . .      Faith    .    (shield currently unavailable)
rNeg    . . .      Spirit   .    a - melded +1 robe
rPois   x          Reflect  .    (helmet currently unavailable)
rElec   .          Rampage  .    (cloak currently unavailable)
rCorr   .                        p - melded +0 pair of gloves
Will    +....                    s - melded +0 pair of boots
Stlth   ++                       (no amulet)
HPRegen 0.31/turn                c - +5 ring of evasion
MPRegen 0.17/turn                b - +5 ring of evasion

@: spider-form
A: venomous fangs, tiny, high MP 1, forlorn, divine attributes
a: End Transformation


You were on level 11 of the Dungeon.
You were a venomous arachnid creature.
You visited 1 branch of the dungeon, and saw 11 of its levels.

You collected 1262 gold pieces.
You spent 745 gold pieces at shops.


Innate Abilities, Weirdness & Mutations

You are a venomous arachnid creature.
You have venomous fangs.
You are tiny and dextrous.
Your spellcasting is less reliable in this form.
Your armour is entirely melded.
You are incapable of wielding weapons or throwing items.
You have an increased reservoir of magic. (+10% MP)
You shall have no god before yourself.
Your divine heritage dramatically boosts your attributes as you level up.


   Skills:
 - Level 0.8 Fighting
 - Level 10.0 Dodging
 - Level 10.0 Unarmed Combat
 + Level 5.2 Spellcasting
 + Level 6.8 Transmutations


You had 7 spell levels left.
You knew the following spells:

 Your Spells              Type           Power      Damage    Failure   Level
a - Ice Form              Ice/Tmut       25%        N/A       36%         4
b - Wereblood             Tmut           43%        N/A       4%          2
c - Spider Form           Tmut/Pois      25%        N/A       16%         3
d - Ozocubu's Armour      Ice            7%         N/A       43%         3

Your spell library contained the following spells:

 Spells                   Type           Power      Damage    Failure   Level
 Beastly Appendage        Tmut           86%        N/A       3%          1
 Apportation              Tloc           14%        N/A       19%         1
 Magic Dart               Conj           28%        1d4       19%         1
 Necrotise                Necr           28%        1d5       19%         1
 Summon Small Mammal      Summ           28%        N/A       19%         1
 Call Imp                 Summ           7%         N/A       26%         2
 Mephitic Cloud           Conj/Pois/Air  7%         N/A       43%         3
 Vampiric Draining        Necr           7%         2d6       43%         3
 Agony                    Necr           7%         N/A       97%         5
 Metabolic Englaciation   Hex/Ice        3%         N/A       97%         5
 Simulacrum               Ice/Necr       3%         N/A       100%        6

Inventory:

Armour
 a - a +1 robe (melded)
 p - a +0 pair of gloves (melded)
   (You found it on level 4 of the Dungeon)
 s - a +0 pair of boots (melded)
   (You found it on level 6 of the Dungeon)
Jewellery
 b - a +5 ring of evasion (right front pincers)
   (You took it off a hobgoblin on level 3 of the Dungeon)
 c - a +5 ring of evasion (left front pincers)
   (You bought it in a shop on level 2 of the Dungeon)
 k - a +6 ring of strength
   (You found it on level 3 of the Dungeon)
 o - a +6 ring of strength
   (You found it on level 5 of the Dungeon)
 y - a ring of willpower
   (You found it on level 9 of the Dungeon)
Wands
 q - a wand of digging (3)
   (You found it on level 6 of the Dungeon)
 r - a wand of polymorph (15)
   (You found it on level 6 of the Dungeon)
 t - a wand of paralysis (10)
   (You found it on level 6 of the Dungeon)
 u - a wand of quicksilver (13)
   (You found it on level 6 of the Dungeon)
Scrolls
 d - 7 scrolls of teleportation
 g - a scroll of brand weapon
 i - 2 scrolls of identify
 v - a scroll of blinking
 w - a scroll of fear
 x - a scroll of summoning
 z - 2 scrolls of magic mapping
Potions
 e - 4 potions of flight
 f - 5 potions of attraction
 h - 9 potions of curing
 j - a potion of lignification
 l - a potion of might
 m - a potion of resistance
 n - a potion of magic
 A - a potion of mutation

Dungeon Overview and Level Annotations

Branches:
Dungeon (11/15) Zot: 26677  Temple (0/1) D:4            Lair (0/5) D:9
    Orc (0/2) D:11

Shops:
D:1 [   D:2 =   D:9 ?

Annotations:
D:3 Grinder
D:10 1 runed translucent door, jasper's ghost, journeyman HOHW

...#.# #..#..##
##..#####....# #
#.....#..#...# ###.
##.##.#...###
...##..#...##.#.#
#...#.#.#.....###..#
#.#.#...#..#....#..#
#.#c#...#..##.#.##..#
#..Os..##.#.###.##..#
#..#.#>.#..#.##.##..#
#. #.#...†.#.#.###..#
.. .##.#..#.#...##..#
.. .#
#......#.#.#...# .#
#. ##.#..)###.)#..# #
###..))).###..#
######## #..# #..#


You could see a two-headed ogre (extremely poisoned) and a centaur (extremely
poisoned).


Message History

* * * LOW HITPOINT WARNING * * *
The basilisk bites you.
* * * LOW HITPOINT WARNING * * *
The basilisk barely misses you. The basilisk gazes at you.
You easily resist.
The basilisk gazes at you. x2
You easily resist.
You turn to flesh and can move again. 😨 HP[-11] MP[+2]
You take 11 damage, and now have 35/70 hp.
You regained 2 mp, and now have 20/21 mp.
You hit the basilisk but do no damage.
The basilisk looks as sick as possible!
Unknown command.
You hit the basilisk.
The basilisk looks as sick as possible!
The basilisk gazes at you.
You are slowing down.
You hit the basilisk.
You kill the basilisk!
Your limbs are stiffening. 😮 HP[+1] MP[+1]
Your mp is fully restored (21).
You have turned to stone.
Your transformation is almost over.
You turn to flesh and can move again.
You see here a basilisk corpse. 😮 HP[+3]
You regained 3 hp, and now have 39/70 hp.
Your transformation has ended.
Your +0 pair of gloves unmelds from your body.
Your +0 pair of boots unmelds from your body.
Your +1 robe unmelds from your body.
You hear the crackling of a distant melting archway.
Key pressed, stopping explore.
You hear the steady crackling of a distant melting archway.
Key pressed, stopping explore.
You now have 517 gold pieces (gained 11).
Key pressed, stopping explore.
You hear the steady crackling of a very distant melting archway.
A two-headed ogre comes into view.
It is wielding a +0 giant spiked club and a +0 giant club.
The two-headed ogre moves out of view. 😎 HP[+31]
Your hp is fully restored (70).
The two-headed ogre shouts in stereo!
A two-headed ogre is nearby!
A two-headed ogre is nearby!
Unknown command.
A two-headed ogre is nearby!
Casting: Spider Form (dangerous; 5% risk of failure)
Confirm with . or Enter, or press ? or * to list all spells.
You turn into a venomous arachnid creature.
Your +0 pair of gloves melds into your body.
Your +0 pair of boots melds into your body.
Your +1 robe melds into your body. 😎 MP[-3]
You lost 3 mp, and now have 18/21 mp.
Unknown command.
A centaur comes into view.
The two-headed ogre misses you.
The two-headed ogre hits you with a +0 giant club!! 😮 HP[-20]
You take 20 damage, and now have 50/70 hp.
MASSIVE DAMAGE!! (PAUSE)
The centaur shouts!
You hit the two-headed ogre.
The two-headed ogre is poisoned.
You hit the two-headed ogre.
The two-headed ogre looks as sick as possible!
The two-headed ogre completely misses you. x2 😮 HP[+1] Unknown command.
You hit the two-headed ogre. The two-headed ogre misses you.
The two-headed ogre barely misses you.
You bite the two-headed ogre! 😮 MP[+1]
You hit the two-headed ogre but do no damage.
The two-headed ogre looks as sick as possible!
The two-headed ogre hits you with a +0 giant spiked club!!
* * * LOW HITPOINT WARNING * * *
The two-headed ogre completely misses you. 😨 HP[-25]
You take 25 damage, and now have 26/70 hp.
MASSIVE DAMAGE!! (PAUSE)
You bite the two-headed ogre! 😨 HP[+1]
You bite the two-headed ogre!
The two-headed ogre looks as sick as possible!
The centaur completely misses you. x2; The two-headed ogre misses you.
The two-headed ogre completely misses you.
Unknown command.
You hit the centaur.
The centaur is poisoned.
The centaur completely misses you. The centaur kicks you.
* * * LOW HITPOINT WARNING * * *
😨 HP[-1]
You take 1 damage, and now have 26/70 hp.
Unknown command.
You hit the centaur.
The centaur looks as sick as possible!
The centaur completely misses you. x2
The two-headed ogre hits you with a +0 giant spiked club!!!
Ouch! That really hurt!
You die...

Skill      XL: |  1  2  3  4  5  6  7  8  9 10 |
---------------+-------------------------------+-----
Transmutations | 2 3 4 6 |  6.8
Dodging        | 2 3 4 6 7 9 10 | 10.0
Unarmed Combat | 3 4 5 6 8 9 10 | 10.0
Spellcasting   | 5 |  5.2
Fighting       | |  0.8

Action                     |  1- 3 |  4- 6 |  7- 9 | 10-12 || total
---------------------------+-------+-------+-------+-------++-------
  Melee: Unarmed           |   129 |   185 |   375 |   251 ||   940
         Kick              |    30 |    24 |       |       ||    54
         Headbutt          |    19 |    21 |       |       ||    40
         Punch             |     4 |     2 |     1 |     2 ||     9
   Cast: Beastly Appendage |    27 |    23 |       |       ||    50
         Wereblood         |       |     2 |     7 |     5 ||    14
         Spider Form       |       |     8 |    27 |    11 ||    46
         Ice Form          |       |       |     5 |     4 ||     9
    Use: Scroll            |     7 |     7 |     6 |     3 ||    23
         Potion            |     1 |     4 |     5 |       ||    10
   Stab: Sleeping          |     3 |       |       |       ||     3
 Armour: Robe              |    38 |    12 |    12 |     1 ||    63
         Skin              |       |    28 |    12 |     9 ||    49
  Dodge: Dodged            |    97 |   181 |   368 |   254 ||   900

Levels and vault maps discovered:
D:1:      ncdulo_lavacross, layout_rooms, serial_shops, nicolae_shop_crystal,
          nicolae_ecumenical_snake_handling
D:2:      layout_loops_corners, serial_shops, nicolae_square_shop,
          nicolae_elevator_lobby_asterisk
D:3:      layout_loops_ring, nicolae_ru_the_path_less_chosen, serial_forest,
          infiniplex_forest_clump_small, infiniplex_forest_straight_2,
          infiniplex_forest_clump_C, infiniplex_forest_clump_cross,
          infiniplex_forest_corner_1, infiniplex_forest_end_1,
          infiniplex_forest_clump_small, infiniplex_forest_straight_2,
          infiniplex_forest_end_3, infiniplex_forest_clump_tiny, uniq_jessica,
          uniq_grinder
D:4:      layout_loops_cross, minmay_temple_entry_ruins
D:5:      layout_gridville, hangedman_decor_diamond_cutter, grunt_ministairs_12
D:6:      layout_basic
D:7:      layout_loops_ring, mainiacjoe_overflow_large_starburst,
          nicolae_concentric_dashed_squares_wild, amcnicky_mini_pool_small,
          uniq_joseph
D:8:      layout_basic, nicolae_overflow_hidden_temple, uniq_grum
D:9:      layout_roguey [special_room_orc], david_lair_shrubbed, serial_shops,
          nicolae_shop_waterfront
D:10:     layout_roguey, ebering_ghost_inner_flame,
          chequers_serial_rivers_micro_b
D:11:     layout_long_grid, erik_orc_3, serial_undead, serial_undead_a,
          serial_undead_c, serial_undead_e, serial_undead_a, serial_undead_a,
          serial_undead_d, serial_undead_d, serial_undead_a, serial_undead_d,
          serial_undead_a, portal_ice_cave_entry_ice_simulacra,
          hangedman_decor_push

Notes
Turn   | Place    | Note
-------+----------+-------------------------------------------
     0 | D:1      | ytrimaz the Demigod Transmuter began the quest for the Orb.
     0 | D:1      | Reached XP level 1. HP: 15/15 MP: 5/5
     0 | D:1      | magus.rc [v1.9.6]
    34 | D:1      | Reached skill level 2 in Transmutations
    60 | D:1      | Reached skill level 2 in Dodging
   128 | D:1      | Reached XP level 2. HP: 22/22 MP: 5/7
   355 | D:1      | Reached skill level 3 in Unarmed Combat
   428 | D:1      | Found Fogrit's Antique Armour Emporium.
   512 | D:1      | Learned a level 2 spell: Wereblood
   655 | D:1      | Reached XP level 3. HP: 25/27 MP: 6/8
  1032 | D:2      | You pick up a book of Cantrips and begin reading...
  1032 | D:2      | You add the spells Necrotise, Summon Small Mammal and
                  | Apportation to your library.
  1109 | D:2      | Found Etoukh's Jewellery Shop.
  1123 | D:2      | Reached skill level 3 in Transmutations
  1123 | D:2      | HP: 6/27 [poisoned by an adder]
  1128 | D:2      | HP: 5/40 [poisoned by an adder]
  1819 | D:2      | Identified a scroll of acquirement
  1821 | D:2      | Acquired 650 gold pieces
  1881 | D:2      | Bought a +5 ring of evasion for 468 gold pieces
  2021 | D:3      | Noticed Jessica
  2027 | D:3      | Killed Jessica
  2028 | D:3      | Reached XP level 4. HP: 34/34 MP: 7/9
  2257 | D:3      | HP: 8/34 [orc priest/divine providence (12)]
  2265 | D:3      | Reached XP level 5. HP: 33/39 MP: 7/10
  2366 | D:3      | Reached skill level 3 in Dodging
  2391 | D:3      | Noticed Grinder
  2397 | D:3      | Learned a level 3 spell: Spider Form
  2719 | D:3      | Reached skill level 4 in Transmutations
  3057 | D:4      | Found a staircase to the Ecumenical Temple.
  3149 | D:4      | You pick up a book of Minor Magic and begin reading...
  3149 | D:4      | You add the spells Magic Dart, Call Imp and Mephitic Cloud
                  | to your library.
  3251 | D:4      | Reached skill level 4 in Unarmed Combat
  3264 | D:4      | Identified the +6 sling "Qyobi" {flame, rPois rCorr Str+3}
  3484 | D:4      | Reached XP level 6. HP: 40/46 MP: 9/11
  3646 | D:5      | Entered Level 5 of the Dungeon
  4050 | D:5      | Reached skill level 4 in Dodging
  4863 | D:6      | HP: 9/46 [ice beast (6)]
  4865 | D:6      | Reached skill level 5 in Unarmed Combat
  4865 | D:6      | Reached XP level 7. HP: 10/51 MP: 3/12
  5148 | D:6      | Reached skill level 5 in Dodging
  5365 | D:6      | Identified the +0 scale mail of Oveurha {Harm Rampage rC+
                  | Str-2}
  5473 | D:6      | Learned a level 4 spell: Ice Form
  5834 | D:6      | Reached skill level 6 in Unarmed Combat
  6318 | D:7      | You fall into a shaft and drop 3 floors!
  6318 | D:10     | Entered Level 10 of the Dungeon
  6481 | D:9      | HP: 12/51 [orc wizard/magic dart (7)]
  6481 | D:9      | HP: 1/51 [orc priest/divine providence (11)]
  6489 | D:9      | Reached skill level 6 in Dodging
  6489 | D:9      | Reached XP level 8. HP: 22/58 MP: 2/13
  6649 | D:9      | Found Zeogeam's Magic Scroll Boutique.
  6657 | D:9      | Bought a scroll of teleportation for 45 gold pieces
  6657 | D:9      | Bought a scroll of identify for 30 gold pieces
  6657 | D:9      | Bought a scroll of identify for 30 gold pieces
  6657 | D:9      | Bought a scroll of identify for 30 gold pieces
  6657 | D:9      | Bought a scroll of identify for 30 gold pieces
  6657 | D:9      | Bought a scroll of blinking for 112 gold pieces
  6869 | D:8      | Reached skill level 7 in Unarmed Combat
  6922 | D:8      | Reached skill level 7 in Dodging
  7029 | D:8      | You pick up a book of Necromancy and begin reading...
  7029 | D:8      | You add the spells Vampiric Draining and Agony to your
                  | library.
  7100 | D:8      | Noticed Grum
  7105 | D:8      | HP: 9/58 [Grum/-2 spear (11)]
  7106 | D:8      | HP: 4/58 [Grum/-2 spear (6)]
  7110 | D:8      | Reached skill level 8 in Unarmed Combat
  7118 | D:8      | Killed Grum
  7119 | D:8      | Reached XP level 9. HP: 36/63 MP: 7/14
  7375 | D:8      | Reached skill level 8 in Dodging
  7827 | D:7      | Reached skill level 9 in Unarmed Combat
  7865 | D:7      | Noticed Joseph
  7891 | D:7      | Killed Joseph
  7892 | D:7      | Reached skill level 9 in Dodging
  8324 | D:7      | HP: 15/63 [orc/+0 war axe (8)]
  8863 | D:9      | Noticed a deep elf pyromancer
  8877 | D:9      | Killed a deep elf pyromancer
  8913 | D:9      | Found a staircase to the Lair.
  8914 | D:9      | Noticed a komodo dragon
  8937 | D:9      | Killed a komodo dragon
  8938 | D:9      | Reached XP level 10. HP: 70/70 MP: 12/15
  8961 | D:9      | Reached skill level 10 in Unarmed Combat
  9219 | D:9      | Reached skill level 10 in Dodging
  9223 | D:9      | Reached skill level 2 in Spellcasting
  9259 | D:9      | You pick up a book of Winter and begin reading...
  9259 | D:9      | You add the spells Ozocubu's Armour, Metabolic Englaciation
                  | and Simulacrum to your library.
  9340 | D:9      | Reached skill level 3 in Spellcasting
  9361 | D:9      | Reached skill level 5 in Transmutations
  9942 | D:10     | Found a runed translucent door.
  9943 | D:10     | Noticed a fire dragon
  9944 | D:10     | Noticed jasper's ghost (journeyman HOHW)
 10223 | D:10     | Reached skill level 4 in Spellcasting
 10400 | D:10     | Reached skill level 6 in Transmutations
 10618 | D:11     | Learned a level 3 spell: Ozocubu's Armour
 10672 | D:11     | Found a staircase to the Orcish Mines.
 10729 | D:11     | Reached skill level 5 in Spellcasting
 10936 | D:11     | Noticed a two-headed ogre
 10950 | D:11     | Mangled by a two-headed ogre

Vanquished Creatures
  A slime creature (D:11)
  A deep elf pyromancer (D:9)
  Joseph (D:7)
  An unseen horror (D:11)
  A komodo dragon (D:9)
  2 wyverns
  3 wraiths
  A basilisk (D:11)
  Grum (D:8)
  6 yaks
  4 steam dragons
  4 vampire mosquitoes (D:10)
  12 orc warriors
  A sky beast (D:8)
  2 ice beasts (D:6)
  A black bear (D:6)
  3 ogres
  4 wolves (D:8)
  A centaur (D:10)
  2 kobold brigands
  A bullfrog (D:9)
  A scorpion (D:6)
  10 wights
  2 howler monkeys
  4 hounds
  7 orc priests
  A jelly (D:5)
  Jessica (D:3)
  3 iguanas
  16 orc wizards
  3 sleepcaps
  3 gnolls (D:4)
  10 adders
  2 white imps
  An ufetubus (D:5)
  2 worms (D:2)
  6 dart slugs
  74 orcs
  8 ball pythons
  6 endoplasms
  4 giant cockroaches
  5 goblins
  12 hobgoblins
  4 jackals (D:5)
  18 kobolds
  2 quokkas (D:1)
  7 bats
  10 rats
275 creatures vanquished.

Vanquished Creatures (others)
  5 plants
  2 withered plants (D:11)
7 creatures vanquished.

Grand Total: 282 creatures vanquished

Table legend:
 A = Non-vault XP
 B = Vault XP
 C = Vault XP percentage of total XP
 D = Non-vault monster count
 E = Vault monster count
 F = Vault count percentage of total count
                 A         B        C        D         E       F
            +---------+---------+-------+---------+---------+-------
      Total |    9949 |    2813 |  22.0 |     216 |      59 |  21.5
            +---------+---------+-------+---------+---------+-------
        D:1 |      44 |       4 |   8.3 |      27 |       3 |  10.0
        D:2 |      62 |       0 |   0.0 |      14 |       0 |   0.0
        D:3 |     151 |      37 |  19.7 |      21 |       1 |   4.5
        D:4 |     177 |       0 |   0.0 |      18 |       0 |   0.0
        D:5 |     227 |      47 |  17.2 |      12 |       7 |  36.8
        D:6 |     809 |       0 |   0.0 |      19 |       0 |   0.0
        D:7 |    1552 |     471 |  23.3 |      26 |       1 |   3.7
        D:8 |    1521 |     658 |  30.2 |      33 |       5 |  13.2
        D:9 |    1770 |    1145 |  39.3 |      19 |      28 |  59.6
       D:10 |    1824 |       0 |   0.0 |      17 |       0 |   0.0
       D:11 |    1812 |     451 |  19.9 |      10 |      14 |  58.3
            +---------+---------+-------+---------+---------+-------

Illustrated notes

Table legend:
 A = Kills in this place as a percentage of kills in the entire game.
 B = Kills by you in this place as a percentage of kills by you in the entire game.
 C = Kills by friends in this place as a percentage of kills by friends in the entire game.
 D = Other kills in this place as a percentage of other kills in the entire game.
 E = Experience gained in this place as a percentage of experience gained in the entire game.
 F = Experience gained in this place divided by the number of levels of this place that you have seen.
                   A       B       C       D       E      F
               +-------+-------+-------+-------+-------+----------------------
         Total | 100.0 | 100.0 |   N/A |   N/A | 100.0 | 1160.2
       Dungeon | 100.0 | 100.0 |   N/A |   N/A | 100.0 | 1160.2
               +-------+-------+-------+-------+-------+----------------------

Table legend: (Time is in decaauts)
 A = Elapsed time spent in this place.
 B = Non-inter-level travel time spent in this place.
 C = Inter-level travel time spent in this place.
 D = Time resting spent in this place.
 E = Time spent auto-exploring this place.
 F = Levels seen in this place.
 G = Mean time per level.
                   A        B        C        D        E       F      G
               +--------+--------+--------+--------+--------+-----+--------+
         Total |  10814 |  10447 |    367 |    143 |   8260 |  11 |  983.1 |
       Dungeon |  10814 |  10447 |    367 |    143 |   8260 |  11 |  983.1 |
               +--------+--------+--------+--------+--------+-----+--------+

Top non-repeatable levels by time:
     D:6: 1445 daAuts
     D:9: 1227 daAuts
     D:5: 1195 daAuts
     D:7: 1189 daAuts
     D:2: 1147 daAuts
     D:3: 1088 daAuts
     D:8: 939 daAuts
    D:10: 866 daAuts
     D:1: 749 daAuts
     D:4: 643 daAuts
    D:11: 321 daAuts
